 Dungeon Crawl Stone Soup version 0.31.0-9-g3a7656b989 (webtiles) character file.

Game seed: 14297740902257277730

39 qw the Shooter (level 3, 0/20 HPs)
             Began as a Deep Elf Hunter on Feb 2, 2024.
             Succumbed to their own poison gas
             ... on level 2 of the Dungeon.
             The game lasted 00:00:02 (1160 turns).

qw the Shooter (Deep Elf Hunter)                    Turns: 1160, Time: 00:00:03

Health: 0/20       AC:  6    Str: 10    XL:     3   Next: 28%
Magic:  5/5        EV: 11    Int: 13    God:
Gold:   21         SH:  0    Dex: 18    Spells: 2/2 levels left

rFire   . . .        a - +2 shortbow
rCold   . . .        (shield currently unavailable)
rNeg    . . .        h - +1 ring mail
rPois   .            (no helmet)
rElec   .            (no cloak)
rCorr   .            (no gloves)
SInv    .            (no boots)
Will    .....        (no amulet)
Stlth   +            (no ring)
HPRegen 0.23/turn    (no ring)
MPRegen 0.09/turn

%: no passive effects
@: lethally poisoned (0 -> -3)
A: no striking features
a: no special abilities


You were on level 2 of the Dungeon.
You visited 1 branch of the dungeon, and saw 2 of its levels.

You collected 21 gold pieces.


   Skills:
 - Level 1.5 Fighting
 + Level 6.9 Ranged Weapons
 - Level 2.4 Dodging
 - Level 1.2 Stealth


You had 2 spell levels left.
You didn't know any spells.
Your spell library was empty.

Inventory:

Hand Weapons
 a - a +2 shortbow (weapon)
Armour
 h - a +1 ring mail (worn)
Potions
 e - 2 potions of heal wounds

Dungeon Overview and Level Annotations

Branches:
Dungeon (2/15)

Altars:


Message History

1148 ||| READING scroll labelled VISUIH SAULI.
The air fills with toxic fumes!
As you read the scroll labelled VISUIH SAULI, it crumbles to dust.
It was a scroll of poison.
1149 ||| READING scroll labelled DUPISA PANN.
As you read the scroll labelled DUPISA PANN, it crumbles to dust.
It is a scroll of enchant armour.
1149 ||| ENCHANTING +0 ring mail.
Your +0 ring mail glows green for a moment.
1150 ||| READING 2 scrolls labelled YFIASUACK ETOPT.
As you read the scroll labelled YFIASUACK ETOPT, it crumbles to dust.
It is a scroll of enchant weapon.
1150 ||| ENCHANTING +0 shortbow.
Your +0 shortbow glows red for a moment.
1151 ||| READING scroll of enchant weapon.
1151 ||| ENCHANTING +1 shortbow.
Your +1 shortbow glows red for a moment.
1152 ||| READING scroll labelled QYSUHE PEPEU.
As you read the scroll labelled QYSUHE PEPEU, it crumbles to dust.
It is a scroll of identify.
1152 ||| IDENTIFYING 2 viscous emerald potions
e - 2 potions of heal wounds
1153 ||| DROPPING scroll of butterflies.
You drop a scroll of butterflies.
What level of the Dungeon? (default 1, ? - help) Sorry, I don't know how to get there.
You are engulfed in poison gas.
You are poisoned.
You feel very sick.
1155 ||| Stepping ~*~*~tactically~*~*~ (cloud).
You feel very sick.
Things that are here:
a scroll of butterflies; a +0 leather armour
There is a lethal amount of poison in your body!
You feel sick.
There is a lethal amount of poison in your body!
You feel sick.
There is a lethal amount of poison in your body!
You feel sick.
There is a lethal amount of poison in your body!
You feel sick.
There is a lethal amount of poison in your body!
You die...

### # .>#.#
#.#. #.# ...
#.# #.#
#)####.#
#.##...#
#>##.###
###########
#.##.#####
#0@...000ยค#
#........#
#0#########
#...####.#
#.########
..### #.#
#.#......#
.## #.#
#.#.####.#
## #.#
#....# #.#
#### #.#
###..# #.#
...#####.#
....# #.#
.........#
####%# #.#


There were no monsters in sight!

Vanquished Creatures
  A bat (D:2)
  5 endoplasms
  2 giant cockroaches (D:1)
  5 goblins
  5 hobgoblins
  2 jackals (D:1)
  A quokka (D:1)
  3 ball pythons
  3 frilled lizards
  A kobold (D:1)
  8 rats
36 creatures vanquished.

Notes
Turn   | Place    | Note
-------+----------+-------------------------------------------
     0 | D:1      | qw the Deep Elf Hunter began the quest for the Orb.
     0 | D:1      | Reached XP level 1. HP: 12/12 MP: 3/3
     0 | D:1      | 0 ||| qw: Version: 0.3-a-155-g5e7d8dd
     0 | D:1      | 0 ||| qw: Game counter: 697
     0 | D:1      | 0 ||| qw: Melee chars always use a shield: true
     0 | D:1      | 0 ||| qw: God list: Okawaru
     0 | D:1      | 0 ||| qw: Allow faded altars: false
     0 | D:1      | 0 ||| qw: Do Orc after clearing Dungeon:15 true
     0 | D:1      | 0 ||| qw: Do second Lair branch before Depths: true
     0 | D:1      | 0 ||| qw: Lair rune preference: random
     0 | D:1      | 0 ||| qw: Goals: Normal
     0 | D:1      | 0 ||| PLANNING D:1-11
   153 | D:1      | Reached XP level 2. HP: 16/16 MP: 4/4
   172 | D:1      | Reached skill level 6 in Ranged Weapons
   822 | D:1      | You fall into a shaft and drop 1 floor!
   843 | D:2      | Reached XP level 3. HP: 20/20 MP: 5/5
  1031 | D:2      | Found a faded altar of an unknown god.
  1137 | D:2      | 1137 ||| UPGRADING to +0 ring mail.
  1147 | D:2      | 1147 ||| DROPPING +0 leather armour.
  1148 | D:2      | 1148 ||| READING scroll labelled VISUIH SAULI.
  1149 | D:2      | 1149 ||| READING scroll labelled DUPISA PANN.
  1149 | D:2      | 1149 ||| ENCHANTING +0 ring mail.
  1150 | D:2      | 1150 ||| READING 2 scrolls labelled YFIASUACK ETOPT.
  1150 | D:2      | 1150 ||| ENCHANTING +0 shortbow.
  1151 | D:2      | 1151 ||| READING scroll of enchant weapon.
  1151 | D:2      | 1151 ||| ENCHANTING +1 shortbow.
  1152 | D:2      | 1152 ||| READING scroll labelled QYSUHE PEPEU.
  1152 | D:2      | 1152 ||| IDENTIFYING 2 viscous emerald potions
  1153 | D:2      | 1153 ||| DROPPING scroll of butterflies.
  1155 | D:2      | 1155 ||| Stepping ~*~*~tactically~*~*~ (cloud).
  1156 | D:2      | HP: 5/20 [poisoned by you (poison gas)]
  1158 | D:2      | HP: 2/20 [poisoned by you (poison gas)]
  1160 | D:2      | Succumbed to their own poison gas

Levels and vault maps discovered:
D:1:      dpeg_arrival_arbitrary_a, layout_loops_corners, corexii_corridor_pit
D:2:      layout_basic, basic_altar, shapermc_ecumenical_altar_mp_highgroup,
          feat_on_display

Skill      XL: |  1  2 |
---------------+-------+-----
Ranged Weapons | 6 |  6.9
Fighting       | |  1.5
Dodging        | |  2.4
Stealth        | |  1.2

Action                     || total
---------------------------++-------
   Fire: Shortbow          ||    85
    Use: Scroll            ||     5
 Armour: Leather armour    ||     8
  Dodge: Dodged            ||    17

Table legend:
 A = Non-vault XP
 B = Vault XP
 C = Vault XP percentage of total XP
 D = Non-vault monster count
 E = Vault monster count
 F = Vault count percentage of total count
                 A         B        C        D         E       F
            +---------+---------+-------+---------+---------+-------
      Total |      57 |       0 |   0.0 |      36 |       0 |   0.0
            +---------+---------+-------+---------+---------+-------
        D:1 |      37 |       0 |   0.0 |      24 |       0 |   0.0
        D:2 |      20 |       0 |   0.0 |      12 |       0 |   0.0
            +---------+---------+-------+---------+---------+-------
